 Dungeon Crawl Stone Soup version 0.26.1-11-gd32895ea62 (webtiles) character file.

Game seed: 5557542189125969069

35 Zeld the Sneak (level 3, -8/18 HPs)
             Began as a Spriggan Brigand on June 4, 2021.
             Mangled by a gnoll
             ... wielding a +0 whip
              (11 damage)
             ... on level 2 of the Dungeon.
             The game lasted 00:02:55 (4125 turns).

Zeld the Sneak (Spriggan Brigand)                   Turns: 4125, Time: 00:02:56

Health: -8/18      AC:  3    Str:  7    XL:     3   Next: 16%
Magic:  4/4        EV: 17    Int: 12    God:
Gold:   104        SH:  0    Dex: 18    Spells: 2/2 levels left

rFire    . . .     SeeInvis +   a - +2 dagger
rCold    . . .     Faith    .   (shield restricted)
rNeg     . . .     Spirit   .   b - +0 robe
rPois    .         Reflect  .   (helmet restricted)
rElec    .         Harm     .   c - +0 cloak
rCorr    .         Rampage  .   (gloves unavailable)
Will     .....                  (boots unavailable)
Stlth    +++.......             (no amulet)
HPRegen  0.06/turn              (no ring)
MPRegen  0.09/turn              (no ring)

@: very quick
A: very small, unfitting armour, see invisible, speed 3
a: no special abilities


You were on level 2 of the Dungeon.
You visited 1 branch of the dungeon, and saw 2 of its levels.

You collected 104 gold pieces.

Inventory:

Hand Weapons
 a - a +2 dagger (weapon)
Missiles
 d - 8 poisoned darts (quivered)
 e - 2 curare-tipped darts
Armour
 b - a +0 robe (worn)
 c - a +0 cloak (worn)
Scrolls
 f - a scroll of amnesia {unknown}
 g - 3 scrolls of identify {unknown}
 i - 2 scrolls of remove curse {unknown}
 j - a scroll of teleportation {unknown}
Potions
 h - 4 potions of flight {unknown}
 k - a potion of cancellation {unknown}


   Skills:
 - Level 1.5 Fighting
 * Level 3.2 Short Blades
 * Level 2.9 Throwing
 - Level 1.5 Dodging
 - Level 5.8 Stealth


You had 2 spell levels left.
You didn't know any spells.
Your spell library was empty.

Dungeon Overview and Level Annotations

Branches:
Dungeon (2/15)

Altars:
Kikubaaqudgha


Innate Abilities, Weirdness & Mutations

You are very small and have problems with some larger weapons.
You are too small for most types of armour.
You have supernaturally acute eyesight. (SInv)
You cover ground extremely quickly.


Message History

You climb downwards.
The gnoll closely misses you. The gnoll hits you with a +0 whip.
There is a stone staircase leading up here.
You completely miss the gnoll. The gnoll closely misses you.
You hit the gnoll.
The gnoll is lightly wounded.
You hit the gnoll.
The gnoll is heavily wounded.
The gnoll hits you with a +0 whip.
You completely miss the gnoll.
The gnoll is heavily wounded.
The gnoll shouts!
The gnoll closely misses you.
You hit the gnoll but do no damage.
The gnoll is heavily wounded.
The gnoll hits you with a +0 whip!
* * * LOW HITPOINT WARNING * * *
The gnoll hits you with a +0 whip!
Ouch! That really hurt!
You die...

.....................# #.#.....##
..########.###...#.#.###.#.......
..# #.##....#.#..##.#....### ..#
#.##..#.#.##.##.#....### ..#
#.##.......#............ ###
##.##..<.......#......### #
#...#........g.#....##### ##
#.#.#..g.......#....# #.. .#
##.#.##.#@......#....###.. .#
#..#..#...........###..... .#
##.###.###..##.#...##.....# ##
###..#.#..###....#....#.....#
####...##.##...#######...#.....#
##....###...###....#####..#.#.#..
...####...⌠...####........#.#.#.#
##....###†..###....#####..#.#.#.#
####...##.##...####......#.#.#.#


You could see 2 gnolls.

Vanquished Creatures
  An ooze (D:1)
  A dart slug (D:1)
  2 leopard geckos
  2 ball pythons
  A giant cockroach (D:2)
  2 goblins
  4 hobgoblins
  2 jackals (D:2)
  A quokka (D:2)
  A bat (D:2)
  2 frilled lizards
  3 kobolds
  A rat (D:2)
23 creatures vanquished.

Notes
Turn   | Place    | Note
-------+----------+-------------------------------------------
     0 | D:1      | Zeld the Spriggan Brigand began the quest for the Orb.
     0 | D:1      | Reached XP level 1. HP: 10/10 MP: 2/2
   888 | D:1      | Reached XP level 2. HP: 14/14 MP: 3/3
  1005 | D:1      | Found an ancient bone altar of Kikubaaqudgha.
  2724 | D:2      | Reached XP level 3. HP: 17/18 MP: 4/4
  4125 | D:2      | Mangled by a gnoll

Illustrated notes

Levels and vault maps discovered:
D:1:      giann_forest_graveyard, layout_basic, kennysheep_flooded_box,
          patterned_corridor
D:2:      minmay_general_purpose_star, layout_basic, minivault_5,
          minmay_misc_feat_diagonals

Skill      XL: |  1  2 |
---------------+-------+-----
Short Blades   | 3 |  3.2
Fighting       | |  1.5
Throwing       | |  2.9
Dodging        | |  1.5
Stealth        | |  5.8

Action                   || total
-------------------------++-------
Melee: Dagger            ||    92
 Stab: Sleeping          ||     5
Armor: Robe              ||    15
Dodge: Dodged            ||    77
